 Dungeon Crawl Stone Soup version 0.27.1-33-g824d729ab1 (webtiles) character file.

Game seed: 17474684366782075407

16 solopath the Digger (level 2, 8/19 HPs)
             Began as a Formicid Earth Elementalist on Nov 29, 2021.
             Was a Believer of Uskayaw.
             Quit the game on level 1 of the Dungeon.
             The game lasted 00:01:42 (589 turns).

solopath the Digger (Formicid Earth Elementalist)    Turns: 589, Time: 00:01:43

Health: 8/19       AC:  2    Str: 12    XL:     2   Next: 75%
Magic:  2/5        EV: 12    Int: 14    God:    Uskayaw [**....]
Gold:   16         SH:  5    Dex: 11    Spells: 4/5 levels left

rFire    . . .     SeeInvis +   a - +0 dagger
rCold    . . .     Faith    .   (no shield)
rNeg     . . .     Spirit   .   b - +0 robe
rPois    .         Reflect  +   (helmet unavailable)
rElec    .         Harm     .   (no cloak)
rCorr    .         Rampage  .   (no gloves)
Will     .....                  (no boots)
Stlth    ++........             e - amulet of reflection
HPRegen  0.06/turn              (no ring)
MPRegen  0.09/turn              (no ring)

@: no status effects
A: permanent stasis, dig shafts and tunnels, antennae 3, four strong arms
a: Dig, Shaft Self, Renounce Religion, Stomp, Line Pass


You were on level 1 of the Dungeon.
You worshipped Uskayaw.
Uskayaw was noncommittal.
You visited 1 branch of the dungeon, and saw 1 of its levels.

You collected 16 gold pieces.

Inventory:

Hand Weapons
 a - a +0 dagger (weapon)
Missiles
 c - 41 stones
Armour
 b - a +0 robe (worn)
Jewellery
 e - an amulet of reflection (around neck)
Potions
 d - 2 potions of heal wounds {unknown}


   Skills:
 - Level 1.7 Dodging
 - Level 2.4 Stealth
 + Level 2.4 Spellcasting
 + Level 1.6 Transmutations
 * Level 4.2 Earth Magic


You had 4 spell levels left.
You knew the following spells:

 Your Spells              Type           Power      Damage    Failure   Level
a - Sandblast             Erth           26%        2d8       4%          1

Your spell library contained the following spells:

 Spells                   Type           Power      Damage    Failure   Level
 Passwall                 Tmut/Erth      7%         N/A       11%         2
 Stone Arrow              Conj/Erth      14%        3d7       28%         3
 Petrify                  Tmut/Erth      9%         N/A       56%         4


Dungeon Overview and Level Annotations

Branches:
Dungeon (1/15)

Altars:
Uskayaw


Innate Abilities, Weirdness & Mutations

You cannot be hasted, slowed, berserked, paralysed or teleported.
You can dig through walls and to a lower floor.
You have a pair of large antennae on your head. (SInv)
Your four strong arms can wield two-handed weapons with a shield.


Message History

You block the quokka's attack. The endoplasm hits you.
The quokka barely misses you.
You hit the quokka.
The quokka is severely wounded.
The endoplasm hits you. You block the quokka's attack.
You are too injured to fight recklessly!
You are too injured to fight recklessly!
You are too injured to fight recklessly!
You are too injured to fight recklessly!
You are too injured to fight recklessly!
Casting: Sandblast (safe; 4% risk of failure)
Confirm with . or Enter, or press ? or * to list all spells.
Aiming: Sandblast (safe; 4% risk of failure)
Press: ? - help, Shift-Dir - straight line, f - quokka
Aim: a quokka (severely wounded, 71% to hit)
The blast of sand hits the quokka!
You kill the quokka!
You block the goblin's attack. The endoplasm hits you.
Casting: Sandblast (safe; 4% risk of failure)
Confirm with . or Enter, or press ? or * to list all spells.
Aiming: Sandblast (safe; 4% risk of failure)
Press: ? - help, Shift-Dir - straight line, f - goblin
Aim: a goblin, wielding a +0 dagger (74% to hit)
The blast of sand hits the goblin.
You kill the goblin!
The endoplasm closely misses you.
You can now pass through a line of other dancers.
Casting: Sandblast (safe; 4% risk of failure)
Confirm with . or Enter, or press ? or * to list all spells.
Aiming: Sandblast (safe; 4% risk of failure)
Press: ? - help, Shift-Dir - straight line, f - endoplasm
Aim: an endoplasm (98% to hit)
The blast of sand hits the endoplasm!
You kill the endoplasm!
Uskayaw will force your foes to helplessly watch your dance.
Things that are here:
a +0 dagger; a goblin corpse
c - 41 stones (gained 10)
Okay, then.
Are you sure you want to abandon this character and quit the game? (Confirm with "yes".)

...≈≈≈≈≈≈≈≈≈≈≈≈≈≈≈≈≈≈≈≈
...≈≈≈≈≈≈≈≈≈≈≈≈≈≈≈≈≈≈≈≈
..[....................
#......................
#......................
#########.........####.
######.........# #.
#..............# #.
#..@...........# #.
#..............####. ####
#.............(.....
#....#...........##).)..#
#....###)..#####.#)......
#.....†....#8.8#........#
####....8###...###8......
#.....'..._...'.......
#....8###...###8......


There were no monsters in sight!

Vanquished Creatures
  2 ball pythons (D:1)
  2 endoplasms (D:1)
  A giant cockroach (D:1)
  3 goblins (D:1)
  A hobgoblin (D:1)
  3 kobolds (D:1)
  A quokka (D:1)
  A bat (D:1)
14 creatures vanquished.

Notes
Turn   | Place    | Note
-------+----------+-------------------------------------------
     0 | D:1      | solopath the Formicid Earth Elementalist began the quest
                  | for the Orb.
     0 | D:1      | Reached XP level 1. HP: 13/13 MP: 3/3
   211 | D:1      | Reached XP level 2. HP: 12/19 MP: 5/5
   233 | D:1      | Reached skill level 4 in Earth Magic
   548 | D:1      | Found a faded altar of an unknown god.
   563 | D:1      | Became a worshipper of Uskayaw the Reveller
   563 | D:1      | Reached * piety under Uskayaw
   580 | D:1      | Reached ** piety under Uskayaw
   581 | D:1      | Reached *** piety under Uskayaw
   589 | D:1      | Quit the game

Illustrated notes

Levels and vault maps discovered:
D:1:      dpeg_arrival_castle, layout_basic,
          dreamdust_ecumenical_altar_angels_and_demons

Skill      XL: |  1  2 |
---------------+-------+-----
Earth Magic    | 4 |  4.2
Dodging        | |  1.7
Stealth        | |  2.4
Spellcasting   | |  2.4
Transmutations | |  1.6

Action                   || total
-------------------------++-------
Melee: Dagger            ||    26
 Cast: Sandblast         ||    17
Armor: Robe              ||    13
Dodge: Dodged            ||    23
Block: Other             ||     5
